Unix NetHack Version 5.0.0-0 post-release - last build May 17 2026 04:57:42 (dc50c8380fa5e20985bfe3072449f57b8d9895ef,branch:main).

Game began 2026-05-11 00:11:41, ended 2026-05-19 12:40:47.

Ch3Begorrah, chaotic male human Rogue

                            ----------
                            |........|      ------
                            |........|      |.....#
                            |........|      |....|#
        ---------------    #.........|      |...%|##
        |....(.........#   #------.---     #.....| #      ----------
        |.............|#   #               #|....| #      |........|
        |............>.#####               #------ #      |........|
        |.............|   ####             #       #      |........|
        -----------.---      #             #       #      ---.------
                   #         #             #       ##    #####
                   #         # ------+---- #        # ---.----
                   #         # |.%.(......##        ##|..<...|
                   0         ##.)-------||           #|......|
        ----D#DD#D00           |.-[[[|...|           #-......|
                   0           |.|...|)))|            |...----
                   #           |.|[[[|)))|            |...|
                   #           -----------            |...|
                   #                                  -----

Ch3Begorrah the Pilferer  St:25 Dx:18 Co:17 In:12 Wi:13 Ch:7  Chaotic
Dlvl:12 $:0  HP:0(92) Pw:40(40) AC:-3 Xp:12 T:21782 

Latest messages:
 The gray dragon turns to flee.
 The gray dragon bites!
 The gray dragon hits!
 The gray dragon hits again!
 Something is engraved here on the ground.
 You read: "Elbereth".
 You see here a bag of holding containing 101 items.
 W - a +0 silver saber named Shiny (weapon in right hand).
 The gray dragon picks up 39 gold pieces.
 The gray dragon bites!
 The gray dragon hits!
 The gray dragon hits again!
 Something is engraved here on the ground.
 You read: "Elbereth".
 You see here a bag of holding containing 101 items.
 What do you want to drop? [ac-io-rt-vxA-CFH-JL-OQ-SU-Y or ?*] i
 You drop an uncursed scroll of scare monster.
 You hit the gray dragon!
 You feel like a hypocrite.
 The engraving beneath you fades.
 The gray dragon turns to flee.
 The gray dragon bites!
 The gray dragon hits!
 The gray dragon hits again!
 The gray dragon knocks you back with a forceful blow!
 You bump into a boulder.  Ouch!
 What do you want to drink? [cSX or ?*] ?
 You are suddenly moving faster.
 The gray dragon breathes fragments!
 The blast of missiles hits you!
 What do you want to drink? [cS or ?*] ?
 You feel better.
 The blast of missiles hits the gray dragon.
 The blast of missiles hits the gray dragon.
 The blast of missiles whizzes by you!
 The blast of missiles hits the gray dragon.
 The blast of missiles hits you!
 You have no ammunition readied.
 What do you want to fire? [*] <esc>
 Never mind.
 b - 9 +2 daggers.
 The blast of missiles hits the gray dragon.
 The blast of missiles hits the gray dragon.
 The blast of missiles hits you!
 The blast of missiles hits the gray dragon.
 The blast of missiles whizzes by you!
 The blast of missiles bounces!
 The blast of missiles hits you!
 You die...
 Do you want your possessions identified? [ynq] (y) q

Inventory:
 Amulets  ('"')
  t - an uncursed amulet versus poison (being worn)
 Weapons  (')')
  b - 9 +2 daggers
  W - a +0 silver saber named Shiny (weapon in right hand)
 Armor    ('[')
  H - an uncursed greased rusty +0 helm of telepathy (being worn)
  u - an uncursed thoroughly rusty +0 pair of gauntlets of power (being worn)
  f - an uncursed +0 pair of iron shoes (being worn)
  o - a blessed +1 elven shield (being worn)
  v - a blessed burnt +1 cloak of protection (being worn)
  V - an uncursed +0 elven mithril-coat (being worn)
 Comestibles  ('%')
  L - an uncursed cram ration
  d - an uncursed food ration
  x - an uncursed lizard corpse
 Scrolls  ('?')
  q - a cursed scroll of teleportation
 Potions  ('!')
  c - 2 uncursed potions of healing
  S - 2 potions of unholy water named Uncursed
 Rings    ('=')
  a - an uncursed ring of conflict named ok (on left hand)
  J - an uncursed +2 ring of increase damage named ok
  R - an uncursed ring of regeneration named ok
  C - an uncursed ring of teleport control
 Wands    ('/')
  r - a wand of cold (0:5)
  B - a wand of digging (0:4)
  M - a wand of digging (0:1)
  Q - a wand of magic missile (0:1)
  F - a wand of sleep (0:4)
  h - a wand of slow monster (0:2)
  p - a wand of stasis (0:3)
  I - a wand of teleportation (0:6)
  Y - a wand of teleportation (0:0)
 Tools    ('(')
  A - an uncursed sack containing 1 item
  e - an uncursed lock pick named E_
  N - a cursed magic lamp (lit)
  g - an uncursed towel
  U - a +0 unicorn horn
 Gems/Stones  ('*')
  O - an uncursed luckstone

Contents of the sack:
  an uncursed scroll of scare monster

Ch3Begorrah the Rogue's attributes:

Background:
 You were a Pilferer, a level 12 male human Rogue.
 You were chaotic, nominally on a mission for Kos
 who was opposed by Issek (lawful) and Mog (neutral).
 You were right-handed.
 You were in the Dungeons of Doom, on level 12.
 You entered the dungeon 21782 turns ago.
 There was a new moon in effect when your adventure ended.
 You had 20854 experience points, 19146 more were needed to attain level 13.

Basics:
 You had 0 out of 92 hit points.
 You had all 40 energy points (spell power).
 Your armor class was -3.
 Your wallet was empty.
 Autopickup was on for '!/(' plus thrown, with exceptions.

Final Characteristics:
 Your strength was 25 (base:12, peak:15, innate limit:18/100).
 Your dexterity was 18 (limit:18).
 Your constitution was 17 (limit:18).
 Your intelligence was 12 (limit:18).
 Your wisdom was 13 (limit:18).
 Your charisma was 7 (limit:18).

Final Status:
 You weren't hungry.
 You were unencumbered.
 You were wielding a saber.
 You were skilled in saber.

Final Attributes:
 You were piously aligned.
 You were fire resistant.
 You were cold resistant.
 You were poison resistant.
 You were telepathic.
 You had automatic searching.
 You were stealthy.
 You caused conflict.
 You were protected.
 You were very fast.
 You were lucky.
 You had extra luck.
 Bad luck did not time out for you.
 Good luck did not time out for you.
 You are dead.

Miscellaneous:
 You didn't encounter any bones levels.
 Total elapsed playing time was 7 hours, 49 minutes and 34 seconds.

Major events:
 Turn
    1: Ch3Begorrah the chaotic male human Rogue entered the dungeon
  460: entered the Gnomish Mines
 1022: attained the rank of Cutpurse (level 3)
 2601: attained the rank of Rogue (level 6)
 3026: entered Sokoban
 3301: completed 1st Sokoban level
 3649: completed 2nd Sokoban level
 3977: completed 3rd Sokoban level
 5127: completed 4th Sokoban level
 5237: acquired the Sokoban bag of holding
 6776: reached Mine Town
 7515: attained the rank of Pilferer (level 10)
 9891: acquired the Mines' End luckstone
11417: found Sunsword carried by a monster
21782: killed by a blast of missiles exhaled by a gray dragon

You didn't know any spells.

Skills:
 Fighting Skills
   bare handed combat [Unskilled]
   two weapon combat  [Unskilled]
   riding             [Unskilled]
 Weapon Skills
   dagger             [Skilled]
   knife              [Unskilled]
   short sword        [Basic]
   broadsword         [Unskilled]
   long sword         [Unskilled]
   two-handed sword   [Unskilled]
   saber              [Skilled]
   club               [Unskilled]
   mace               [Unskilled]
   morning star       [Unskilled]
   flail              [Unskilled]
   hammer             [Unskilled]
   polearms           [Unskilled]
   spear              [Unskilled]
   crossbow           [Unskilled]
   dart               [Unskilled]
   shuriken           [Unskilled]
 Spellcasting Skills
   divination spells  [Unskilled]
   escape spells      [Unskilled]
   matter spells      [Unskilled]

Voluntary challenges:
 Character rerolling was not enabled.
 You followed a strict vegan diet.
 You were an atheist.
 You never genocided any monsters.
 You never polymorphed an object.
 You never changed form.
 You used no wishes.
 You violated the special Sokoban rules once.
Achievements:
 You entered the Gnomish Mines.
 You entered a shop.
 You attained the rank of Cutpurse.
 You attained the rank of Rogue.
 You entered Sokoban.
 You completed Sokoban.
 You entered Minetown.
 You entered a temple.
 You attained the rank of Pilferer.
 You completed the Gnomish Mines.

 The Dungeons of Doom: levels 1 to 21
    Level 1:
       A fountain, a sink.
    Level 2:
       An armor shop.
       Stairs down to The Gnomish Mines.
    Level 3:
    Level 4: "4SB"
    Level 5:
    Level 6:
       An altar.
    Level 7:
       Many fountains.
       Oracle of Delphi.
    Level 8:
       Some fountains, a sink.
       Stairs up to Sokoban, level 7.
    Level 9:
       A general store, some fountains.
    Level 10:
    Level 11:
       A wand shop.
    Level 12: <- You were here.
       Some shops.
       Final resting place for
          you, killed by a blast of missiles exhaled by a gray dragon.
    Level 13:
       A fountain, some sinks, a grave.
       Summoned by the Master of Thieves.
    Level 14: "Glittering SB"
       Some fountains, a grave.
    Level 15:
       An armor shop, a fountain.
    Level 16:
    Level 17:
    Level 18:
       A primitive area.
    Level 19:
    Level 20: "BoH"
    Level 21:
 The Gnomish Mines: levels 3 to 11
    Level 3:
    Level 4:
    Level 5:
    Level 6:
       Many shops, a temple and an altar, some fountains.
    Level 7:
    Level 8:
    Level 9:
    Level 10:
    Level 11:
       A fountain.
 Sokoban: levels 7 up to 4
    Level 4:
       Solved.
    Level 5:
       Solved.
    Level 6: "iSB"
       Solved.
    Level 7:
       Solved.


Vanquished creatures:
  3 silver dragons
  a demilich
  2 trappers
  a lich
  2 lurkers above
  a ghost
  5 giant mimics
  a long worm
 an ice troll
 an umber hulk
  3 large mimics
  a wumpus
  a stalker
  2 air elementals
  3 fire elementals
  a water elemental
  a giant mummy
  2 giant zombies
  5 wargs
  3 winter wolves
  7 small mimics
  5 xans
 an ettin mummy
 an ogre leader
  a quantum mechanic
  3 trolls
  a sasquatch
  a gelatinous cube
  2 pyrolisks
  2 large dogs
  a flaming sphere
  2 shocking spheres
  2 tigers
  3 gargoyles
  2 dwarf rulers
  a tengu
  a leocrotta
  2 stone giants
  a red naga
  a cobra
  a wraith
  3 carnivorous apes
  a Grey-elf
  a soldier
  3 chameleons
  a giant beetle
  a quivering blob
  5 cockatrices
  6 wolves
  9 winter wolf cubs
  2 lynxes
  a panther
  2 gremlins
  2 leprechauns
  2 orc-captains
 an iron piercer
  a mumak
 12 giant spiders
  a scorpion
  a horse
 an ice vortex
  2 black lights
  a vampire bat
  2 forest centaurs
  2 gnome rulers
  2 orc mummies
  3 ogres
  4 owlbears
  2 gold golems
  a werewolf
  2 Green-elves
  6 lizards
  4 chickatrices
  a dingo
  2 housecats
  4 jaguars
  4 blue jellies
  2 white unicorns
  a gray unicorn
  4 dust vortices
  3 gnome mummies
  3 snakes
 an ape
  3 human zombies
  2 rope golems
  2 Woodland-elves
 14 soldier ants
  4 fire ants
 an imp
  a quasit
  a wood nymph
  2 water nymphs
  a mountain nymph
 10 Mordor orcs
  3 Uruk-hai
  2 orc shamans
  3 rock piercers
  4 rock moles
  2 fog clouds
  5 yellow lights
  3 shriekers
  a violet fungus
 22 gnome leaders
  9 gnomish wizards
  a kobold mummy
  a red naga hatchling
  3 gray oozes
  4 elf zombies
  a straw golem
  a paper golem
  a baby crocodile
 14 giant ants
  a little dog
  8 floating eyes
  2 kittens
 22 dwarves
  2 homunculi
  5 kobold leaders
  6 kobold shamans
  7 hill orcs
  5 rothes
  3 rabid rats
  a centipede
  2 monkeys
  5 orc zombies
  3 dwarf zombies
  2 wererats
  a werejackal
  8 iguanas
  a killer bee
  2 acid blobs
  5 coyotes
  a gas spore
  6 hobbits
  6 manes
  2 large kobolds
  a hobgoblin
  4 giant rats
  3 brown molds
  a green mold
  4 red molds
 72 gnomes
  a gnome zombie
  7 geckos
  6 jackals
  a fox
  3 goblins
  2 sewer rats
 10 grid bugs
  2 bats
  5 lichens
  2 kobold zombies
  5 newts
549 creatures vanquished.

No species were genocided or became extinct.

Game over:
                       ----------
                      /          \
                     /    REST    \
                    /      IN      \
                   /     PEACE      \
                  /                  \
                  |   Ch3Begorrah    |
                  |       0 Au       |
                  |   killed by a    |
                  |     blast of     |
                  | missiles exhaled |
                  | by a gray dragon |
                  |       2026       |
                 *|     *  *  *      | *
        _________)/\\_//(\/(/\)/\//\/|_)_______

Goodbye Ch3Begorrah the Rogue...

You died in The Dungeons of Doom on dungeon level 12 with 85576 points,
and 0 pieces of gold, after 21782 moves.
You were level 12 with a maximum of 92 hit points when you died.

